 Dungeon Crawl Stone Soup version 0.28.0-1-gb440e238dd (webtiles) character file.

Game seed: 6532627905245660860

312 Ablot the Grasshopper (level 6, -1/51 HPs)
             Began as a Gnoll Warper on Feb 23, 2022.
             Killed by divine providence
             ... invoked by an orc priest
              (12 damage)
             ... on level 4 of the Dungeon.
             The game lasted 00:05:32 (4003 turns).

Ablot the Grasshopper (Gnoll Warper)                Turns: 4003, Time: 00:05:32

Health: -1/51      AC:  4    Str: 12    XL:     6   Next: 42%
Magic:  14/14      EV: 13    Int: 12    God:
Gold:   90         SH:  0    Dex: 12    Spells: 13/15 levels left

rFire   . . .      SeeInvis .   x - +2 short sword (drain)
rCold   . . .      Faith    .   (no shield)
rNeg    . . .      Spirit   .   b - +0 leather armour
rPois   .          Reflect  .   t - +0 helmet
rElec   .          Harm     .   (no cloak)
rCorr   .          Rampage  .   (no gloves)
Will    .....                   (no boots)
Stlth   ++........              (no amulet)
HPRegen 0.17/turn               (no ring)
MPRegen 0.14/turn               (no ring)

@: no status effects
A: fangs 1, strong nose, distributed training
a: no special abilities


You were on level 4 of the Dungeon.
You visited 1 branch of the dungeon, and saw 4 of its levels.

You collected 90 gold pieces.

Inventory:

Hand Weapons
 a - a +0 spear
 x - a +2 short sword of draining (weapon)
Missiles
 d - 5 boomerangs of dispersal
 g - 41 bolts
 i - 25 stones
 k - 38 sling bullets
 u - 22 arrows
 v - 2 poisoned darts (quivered)
 w - 6 datura-tipped darts
Armour
 b - a +0 leather armour (worn)
 t - a +0 helmet (worn)
Jewellery
 e - an amulet of guardian spirit
 A - a +6 ring of strength
Wands
 z - a wand of polymorph (5)
Scrolls
 c - 2 scrolls of blinking
 h - a scroll of summoning {unknown}
 l - 2 scrolls of teleportation {unknown}
 m - a scroll of amnesia {unknown}
 n - a scroll of noise {unknown}
 o - a scroll of holy word {unknown}
 p - a scroll of brand weapon {unknown}
 q - 2 scrolls of identify {unknown}
 s - 2 scrolls of vulnerability {unknown}
 y - a scroll of silence {unknown}
Potions
 f - a potion of haste {unknown}
 j - a potion of might {unknown}
 r - a potion of heal wounds {unknown}
 B - a potion of ambrosia {unknown}


   Skills:
 + Level 5.0 Fighting
 + Level 2.0 Short Blades
 + Level 2.0 Long Blades
 + Level 2.0 Axes
 + Level 2.0 Maces & Flails
 + Level 5.0 Polearms
 + Level 2.0 Staves
 + Level 2.0 Slings
 + Level 2.0 Bows
 + Level 2.0 Crossbows
 + Level 3.2 Throwing
 + Level 3.2 Armour
 + Level 5.0 Dodging
 + Level 2.0 Stealth
 + Level 2.0 Shields
 + Level 2.0 Unarmed Combat
 + Level 5.3 Spellcasting
 + Level 1.5 Conjurations
 + Level 1.5 Hexes
 + Level 1.5 Summonings
 + Level 1.5 Necromancy
 + Level 5.6 Translocations
 + Level 1.5 Transmutations
 + Level 1.5 Fire Magic
 + Level 1.5 Ice Magic
 + Level 1.5 Air Magic
 + Level 1.5 Earth Magic
 + Level 1.5 Poison Magic
 + Level 2.1 Invocations
 + Level 2.0 Evocations


You had 13 spell levels left.
You knew the following spells:

 Your Spells              Type           Power      Damage    Failure   Level
a - Blink                 Tloc           32%        N/A       3%          2

Your spell library contained the following spells:

 Spells                   Type           Power      Damage    Failure   Level
 Gell's Gravitas          Tloc           16%        N/A       7%          3
 Lesser Beckoning         Tloc           16%        N/A       7%          3
 Teleport Other           Tloc           16%        N/A       7%          3
 Inner Flame              Hex/Fire       6%         N/A       36%         3
 Manifold Assault         Tloc           16%        N/A       54%         5
 Cause Fear               Hex            3%         N/A       78%         4
 Discord                  Hex            3%         N/A       100%        8


Dungeon Overview and Level Annotations

Branches:
Dungeon (4/15)
 Temple: D:4-7

Altars:

Shops:
D:4 :


Innate Abilities, Weirdness & Mutations

You have very sharp teeth.
Your uncanny sense of smell can sniff out nearby items.
Your experience applies equally to all skills.


Message History

Things that are here:
a +0 giant spiked club; an ogre corpse
There is a stone staircase leading up, spattered with blood here.
You start resting.
HP restored.
Things that are here:
a +0 hand axe; a +0 leather armour
There is an open door here.
There is an open door here.
An orc wizard comes into view. It is wielding a +0 club.
An orc priest comes into view. It is wielding a +0 hand axe.
The orc priest shouts!
The orc wizard shouts!
The orc shouts!
There is an open door here.
The orc wizard hits you but does no damage.
You closely miss the orc wizard. The orc wizard hits you with a +0 club.
You closely miss the orc wizard.
The orc priest casts a cantrip, but nothing happens.
The orc wizard closely misses you.
You miss the orc wizard. The orc wizard closely misses you.
You miss the orc wizard. Your punch misses the orc wizard.
You bite the orc wizard, but do no damage.
The orc priest invokes the aid of Beogh against you.
Beogh smites you!
The orc wizard mumbles some strange words.
The orc wizard flickers and vanishes!
Deactivating autopickup; reactivate with Ctrl-A.
You hit something.
The orc priest invokes the aid of Beogh against you.
Beogh smites you! Something barely misses you.
You miss something.
The orc priest calls down the wrath of Beogh upon you.
Beogh smites you!
* * * LOW HITPOINT WARNING * * *
Something hits you.
* * * LOW HITPOINT WARNING * * *
You closely miss something.
The orc priest mumbles some strange prayers to Beogh against you.
Beogh smites you!
You die...

∆ .....#......)..##.##...
#....##................
#....##................
#...o#.........#.......
+...o#.........#.......
##########....#.........#.....##
##..##...##....##........'.....'.
#........##...o##........#.....#.
#.............o{@........#.....#.
#..............##........#.....#.
###########....###########.....#.
#....##........#.....#.
####'##........#.....'.
#..............'.....#.
#....###########.....## ∆
........#...........######
###.....#...........#.....


You could see an orc priest and an orc.

Vanquished Creatures
  A black bear (D:4)
  An ogre (D:4)
  Jessica (D:2)
  An iguana (D:4)
  2 adders
  A worm (D:2)
  A dart slug (D:1)
  5 orcs (D:4)
  6 bats
  3 endoplasms
  3 giant cockroaches
  5 goblins
  6 hobgoblins
  9 kobolds
  3 quokkas
  7 ball pythons
  2 frilled lizards (D:1)
  6 rats
63 creatures vanquished.

Vanquished Creatures (others)
  A plant (D:1)
1 creature vanquished.

Grand Total: 64 creatures vanquished

Notes
Turn   | Place    | Note
-------+----------+-------------------------------------------
     0 | D:1      | Ablot the Gnoll Warper began the quest for the Orb.
     0 | D:1      | Reached XP level 1. HP: 20/20 MP: 6/6
   182 | D:1      | Reached XP level 2. HP: 26/26 MP: 7/7
   185 | D:1      | Learned a level 2 spell: Blink
   335 | D:1      | Found a faded altar of an unknown god.
   638 | D:2      | Reached XP level 3. HP: 20/31 MP: 9/9
   641 | D:2      | Reached skill level 5 in Spellcasting
  1237 | D:2      | Reached skill level 1 in Invocations
  1479 | D:2      | Noticed Jessica
  1487 | D:2      | Killed Jessica
  1488 | D:2      | Reached skill level 1 in Short Blades
  1488 | D:2      | Reached skill level 1 in Long Blades
  1488 | D:2      | Reached skill level 1 in Axes
  1488 | D:2      | Reached skill level 1 in Maces & Flails
  1488 | D:2      | Reached skill level 1 in Staves
  1488 | D:2      | Reached skill level 1 in Slings
  1488 | D:2      | Reached skill level 1 in Bows
  1488 | D:2      | Reached skill level 1 in Crossbows
  1488 | D:2      | Reached skill level 1 in Stealth
  1488 | D:2      | Reached skill level 1 in Shields
  1488 | D:2      | Reached skill level 1 in Unarmed Combat
  1488 | D:2      | Reached skill level 1 in Evocations
  1488 | D:2      | Reached XP level 4. HP: 24/38 MP: 11/11
  2753 | D:4      | Noticed a black bear
  2771 | D:4      | Found Geaqiuq's Book Shoppe.
  2848 | D:4      | Reached skill level 1 in Conjurations
  2848 | D:4      | Reached skill level 1 in Hexes
  2848 | D:4      | Reached skill level 1 in Summonings
  2848 | D:4      | Reached skill level 1 in Necromancy
  2848 | D:4      | Reached skill level 1 in Transmutations
  2848 | D:4      | Reached skill level 1 in Fire Magic
  2848 | D:4      | Reached skill level 1 in Ice Magic
  2848 | D:4      | Reached skill level 1 in Air Magic
  2848 | D:4      | Reached skill level 1 in Earth Magic
  2848 | D:4      | Reached skill level 1 in Poison Magic
  3209 | D:4      | Killed a black bear
  3210 | D:4      | Reached XP level 5. HP: 15/43 MP: 12/12
  3688 | D:4      | Reached XP level 6. HP: 48/50 MP: 13/13
  3847 | D:4      | Reached skill level 5 in Fighting
  3847 | D:4      | Reached skill level 5 in Polearms
  3847 | D:4      | Reached skill level 5 in Dodging
  4003 | D:4      | Killed from afar by an orc priest

Illustrated notes

Levels and vault maps discovered:
D:1:      dpeg_arrival_concentric_ovals, layout_basic,
          shapermc_ecumenical_altar_mp_ritualfount
D:2:      layout_loops_cross, serial_rivers, chequers_serial_rivers_micro_c,
          chequers_serial_rivers_micro_e, chequers_serial_rivers_large_a,
          chequers_serial_rivers_micro_c, minmay_splitting_lines,
          minmay_misc_feat_encased, minmay_surrounded, uniq_jessica
D:3:      layout_loops_ring, serial_glass, glass_columns_a, glass_columns_a,
          minmay_misc_feat_doors
D:4:      layout_gridville, mainiacjoe_overflow_small_starburst,
          mainiacjoe_overflow_cross_hatched, serial_shops, nicolae_shop_stone,
          uniq_grinder, uniq_duvessa

Skill      XL: |  1  2  3  4  5  6 |
---------------+-------------------+-----
Spellcasting   | 5 |  5.3
Invocations    | 1 2 |  2.1
Short Blades   | 1 2 |  2.0
Long Blades    | 1 2 |  2.0
Axes           | 1 2 |  2.0
Maces & Flails | 1 2 |  2.0
Staves         | 1 2 |  2.0
Slings         | 1 2 |  2.0
Bows           | 1 2 |  2.0
Crossbows      | 1 2 |  2.0
Stealth        | 1 2 |  2.0
Shields        | 1 2 |  2.0
Unarmed Combat | 1 2 |  2.0
Evocations     | 1 2 |  2.0
Conjurations   | 1 |  1.5
Hexes          | 1 |  1.5
Summonings     | 1 |  1.5
Necromancy     | 1 |  1.5
Transmutations | 1 |  1.5
Fire Magic     | 1 |  1.5
Ice Magic      | 1 |  1.5
Air Magic      | 1 |  1.5
Earth Magic    | 1 |  1.5
Poison Magic   | 1 |  1.5
Throwing       | 3 |  3.2
Armour         | 3 |  3.2
Fighting       | 5 |  5.0
Polearms       | 5 |  5.0
Dodging        | 5 |  5.0
Translocations | |  5.6

Action                   |  1- 3 |  4- 6 || total
-------------------------+-------+-------++-------
Melee: Spear             |   139 |    36 ||   175
       Bite              |    11 |     7 ||    18
       Short sword       |       |    70 ||    70
       Punch             |       |     3 ||     3
Throw: Dart              |       |     4 ||     4
 Stab: Sleeping          |     2 |     5 ||     7
Armor: Leather armour    |    17 |    28 ||    45
Dodge: Dodged            |    65 |    54 ||   119
